 Dungeon Crawl Stone Soup version 0.31-a0-840-g6d2ecbb638 (webtiles) character file.

Game seed: 2618089849371596740

57 blamed the Shield-Bearer (level 4, 0/37 HPs)
             Began as a Formicid Fighter on Sept 25, 2023.
             Slain by Robin
             ... wielding a +5 spear of freezing
              (1 damage)
             ... on level 2 of the Dungeon on Sept 27, 2023.
             The game lasted 00:02:50 (1096 turns).

blamed the Shield-Bearer (Formicid Fighter)         Turns: 1096, Time: 00:02:50

Health: 0/37       AC:  6    Str: 23    XL:     4   Next: 18%
Magic:  4/4        EV:  9    Int:  7    God:
Gold:   110        SH:  5    Dex: 13    Spells: 3/3 levels left

rFire   . . .        a - +0 war axe
rCold   . . .        c - +0 buckler
rNeg    . . .        b - +0 scale mail
rPois   .            (helmet unavailable)
rElec   .            (no cloak)
rCorr   .            (no gloves)
SInv    +            (no boots)
Will    .....        (no amulet) Stlth
                     (no ring)
HPRegen 0.26/turn    (no ring)
MPRegen 0.09/turn

%: no passive effects
@: no status effects
A: permanent stasis, dig shafts and tunnels, antennae 3, four strong arms
a: Dig, Shaft Self


You were on level 2 of the Dungeon.
You visited 1 branch of the dungeon, and saw 2 of its levels.

You collected 110 gold pieces.

Inventory:

Hand Weapons
 a - a +0 war axe (weapon)
Armour
 b - a +0 scale mail (worn)
 c - a +0 buckler (worn)
Scrolls
 f - a scroll of immolation {unknown}
 g - 2 scrolls of identify {unknown}
 h - a scroll of silence {unknown}
 j - a scroll of noise {unknown}
 k - a scroll of revelation {unknown}
 n - a scroll of teleportation {unknown}
Potions
 d - 2 potions of might
 e - a potion of curing {unknown}
 i - a potion of heal wounds
 l - a potion of degeneration {unknown}
 m - a potion of berserk rage {unknown}


   Skills:
 + Level 3.6 Fighting
 * Level 3.0 Axes
 + Level 3.6 Armour
 + Level 0.8 Dodging
 + Level 4.3 Shields


You had 3 spell levels left.
You didn't know any spells.
Your spell library contained the following spells:

 Spells                   Type           Power      Damage    Failure   Level
 Gell's Gravitas          Tloc           0%         N/A       99%         3
 Teleport Other           Tloc           0%         N/A       99%         3
 Dispersal                Tloc           0%         N/A       100%        6


Dungeon Overview and Level Annotations

Branches:
Dungeon (2/15)

Altars:

Annotations:
D:2 Robin


Innate Abilities, Weirdness & Mutations

You cannot be hasted, slowed, berserked, paralysed or teleported.
You can dig through walls and to a lower floor.
You have a pair of large antennae on your head. (SInv)
Your four strong arms can wield two-handed weapons with a shield.


Message History

The goblin hits you but does no damage. You block the goblin's attack.
Robin hits you but does no damage.
You hit the goblin.
The goblin is heavily wounded.
You hit the goblin.
You kill the goblin!
You feel very sick. The goblin hits you with a +0 club.
Robin barely misses you.
Your Axes skill increases to level 3!
You hit the goblin.
You kill the goblin!
You feel sick. Robin hits you but does no damage.
Robin roars a battlecry!
The hobgoblins go into a battle-frenzy!
The hobgoblin barely misses you.
You slash the hobgoblin!
You kill the hobgoblin!
You feel sick. Robin barely misses you.
You closely miss the hobgoblin.
You feel sick.
Robin hits you from afar with a +5 spear of freezing.
* * * LOW HITPOINT WARNING * * *
Robin freezes you.
* * * LOW HITPOINT WARNING * * *
The hobgoblin misses you.
You slash the hobgoblin!
You kill the hobgoblin!
You feel sick.
You are no longer poisoned.
Robin hits you from afar with a +5 spear of freezing.
* * * LOW HITPOINT WARNING * * *
Robin freezes you.
* * * LOW HITPOINT WARNING * * *
The hobgoblin barely misses you. Robin barely misses you.
You hit the hobgoblin.
The hobgoblin is severely wounded.
Robin hits you from afar with a +5 spear of freezing.
* * * LOW HITPOINT WARNING * * *
Robin freezes you.
You die...
Robin calls out, "Let's celebrate!
Time for a feast!"

..≈8≈.....#
..........#
#####.###########
####...........#
#..........# #.#
##. #.##..##.P.#
#.# ....
#.P.†....P.# #.#
,.....
#.P......#.#
#.##g.....
#.#......#.#
#.@g......
#.#.....P#.#
#)##......
#..P.....#.###.#
,.....
#.#......#.....#
....
#..##++###..####
.?. #...........#
.. #####.......#
. #########


You could see Robin and a hobgoblin (strong).

Vanquished Creatures
  2 dart slugs
  4 ball pythons
  5 bats
  An endoplasm (D:1)
  4 giant cockroaches
  8 goblins
  9 hobgoblins
  3 jackals (D:2)
  2 quokkas
  3 frilled lizards
  2 kobolds (D:1)
  2 rats
45 creatures vanquished.

Notes
Turn   | Place    | Note
-------+----------+-------------------------------------------
     0 | D:1      | blamed the Formicid Fighter began the quest for the Orb.
     0 | D:1      | Reached XP level 1. HP: 18/18 MP: 1/1
    91 | D:1      | Reached XP level 2. HP: 24/24 MP: 2/2
   376 | D:1      | Upgraded the game from 0.31-a0-832-g3a2c1c66ba to
                  | 0.31-a0-840-g6d2ecbb638
   376 | D:1      | Reached XP level 3. HP: 29/29 MP: 3/3
  1081 | D:2      | Noticed Robin
  1084 | D:2      | Reached XP level 4. HP: 36/36 MP: 4/4
  1096 | D:2      | HP: 1/37 [Robin/+5 spear of freezing (3)]
  1096 | D:2      | Slain by Robin

Illustrated notes

Levels and vault maps discovered:
D:1:      dpeg_arrival_three_same_balls, layout_basic,
          hangedman_abyss_or_decor_lesser_grid, minmay_tromino_v4_b
D:2:      cheibrodos_old_hovel, layout_basic, kennysheep_decorative_pillar,
          uniq_robin

Skill      XL: |  1  2  3  4 |
---------------+-------------+-----
Axes           | 3 |  3.0
Fighting       | |  3.6
Armour         | |  3.6
Dodging        | |  0.8
Shields        | |  4.3

Action                     |  1- 3 |  4- 6 || total
---------------------------+-------+-------++-------
  Melee: War axe           |    83 |    12 ||    95
    Use: Potion            |       |     1 ||     1
 Armour: Scale mail        |    54 |    18 ||    72
  Dodge: Dodged            |    35 |     7 ||    42
  Block: Buckler           |    23 |     3 ||    26

Table legend: (Time is in decaauts)
 A = Elapsed time spent in this place.
 B = Non-inter-level travel time spent in this place.
 C = Inter-level travel time spent in this place.
 D = Time resting spent in this place.
 E = Time spent auto-exploring this place.
 F = Levels seen in this place.
 G = Mean time per level.
                   A        B        C        D        E       F      G
               +--------+--------+--------+--------+--------+-----+--------+
         Total |   1133 |   1093 |     40 |      0 |    850 |   2 |  566.5 |
       Dungeon |   1133 |   1093 |     40 |      0 |    850 |   2 |  566.5 |
               +--------+--------+--------+--------+--------+-----+--------+

Top non-repeatable levels by time:
     D:1: 881 daAuts
     D:2: 252 daAuts
